 Dungeon Crawl Stone Soup version 0.30-a0-691-g754fce4c43 (webtiles) character file.

Game seed: 5419234981894461007

1164 Crownlay the Arsonist (level 8, -5/52 HPs)
             Began as a Demonspawn Fire Elementalist on Jan 19, 2023.
             Slain by a two-headed ogre
             ... wielding a +0 giant club
              (15 damage)
             ... on level 4 of the Dungeon.
             The game lasted 00:13:06 (5775 turns).

Crownlay the Arsonist (DsFE)                        Turns: 5775, Time: 00:13:07

Health: -5/52      AC: 10    Str:  9    XL:     8   Next: 17%
Magic:  4/11       EV: 12    Int: 19    God:
Gold:   212        SH:  4    Dex: 13    Spells: 5/11 levels left

rFire   . . .      SeeInvis .    o - +3 short sword
rCold   . . .      Faith    .    (no shield)
rNeg    . . .      Spirit   .    a - +0 robe
rPois   .          Reflect  .    (no helmet)
rElec   .          Harm     .    j - scarf {+Inv}
rCorr   .          Rampage  .    y - +0 pair of gloves
Will    .....                    c - +0 pair of boots
Stlth   ++                       (no amulet)
HPRegen 0.28/turn                (no ring)
MPRegen 0.12/turn                (no ring)

@: sanguine armoured
A: spiny 1, sanguine armour 1, condensation shield
a: Evoke Invisibility


You were on level 4 of the Dungeon.
You visited 1 branch of the dungeon, and saw 4 of its levels.
You also visited: Ossuary.

You collected 212 gold pieces.

Inventory:

Hand Weapons
 o - a +3 short sword (weapon)
Missiles
 i - 4 javelins
Armour
 a - a +0 robe (worn)
 c - a +0 pair of boots (worn)
 j - a scarf of invisibility (worn)
 y - a +0 pair of gloves (worn)
Wands
 h - a wand of iceblast (1)
Scrolls
 d - a scroll of magic mapping {unknown}
 g - 3 scrolls of immolation
 k - a scroll of torment
 m - 2 scrolls of teleportation
 n - a scroll of fog {unknown}
 p - 3 scrolls of amnesia {unknown}
 s - 2 scrolls of identify
 w - a scroll of vulnerability {unknown}
 x - a scroll of poison {unknown}
Potions
 b - a potion of magic
 e - a potion of ambrosia {unknown}
 f - 3 potions of berserk rage {unknown}
 l - a potion of might {unknown}
 q - a potion of cancellation {unknown}
 r - a potion of flight {unknown}
 t - a potion of lignification {unknown}
 u - a potion of attraction {unknown}
 v - 2 potions of mutation {unknown}
 z - 2 potions of brilliance {unknown}
 A - 2 potions of degeneration {unknown}
 B - a potion of curing


   Skills:
 - Level 1.7 Dodging
 - Level 1.7 Stealth
 - Level 2.0 Spellcasting
 + Level 3.0 Conjurations
 * Level 4.1 Hexes
 - Level 8.0 Fire Magic
 + Level 0.0 Evocations


You had 5 spell levels left.
You knew the following spells:

 Your Spells              Type           Power      Damage    Failure   Level
a - Foxfire               Conj/Fire      88%        2x1d8     1%          1
b - Scorch                Fire           64%        2d8       1%          2
c - Inner Flame           Hex/Fire       24%        N/A       4%          3

Your spell library contained the following spells:

 Spells                   Type           Power      Damage    Failure   Level
 Slow                     Hex            68%        N/A       3%          1
 Confusing Touch          Hex            17%        N/A       10%         3
 Kindle Blastsparks       Fire/Tloc/Air  24%        2d12      17%         3
 Flame Wave               Conj/Fire      22%        2d8       17%         4
 Vampiric Draining        Necr           1%         2d6       45%         3


Dungeon Overview and Level Annotations

Branches:
Dungeon (4/15)            Ossuary (visited)
 Temple: D:4-7

Altars:

Annotations:
D:2 1 runed translucent door, Crazy Yiuf


Innate Abilities, Weirdness & Mutations

You are partially covered in sharp spines.
When seriously injured, your blood forms armour. (AC +6)
A meltable shield of frost defends you. (SH +4)


Message History

Okay, then.
Okay, then.
A two-headed ogre comes into view. It is wielding two +0 giant clubs.
The two-headed ogre shouts in stereo!
You conjure some foxfire!
The foxfire hits the two-headed ogre.
The two-headed ogre is lightly wounded.
Casting: Foxfire (safe; 1% risk of failure)
Confirm with . or Enter, or press ? or * to list all spells.
Flames lash the two-headed ogre.
The two-headed ogre is moderately wounded.
The two-headed ogre's fire resistance burns away.
The foxfire hits the two-headed ogre!
The two-headed ogre is burned terribly!
The two-headed ogre is heavily wounded.
Casting: Scorch (safe; 1% risk of failure)
Confirm with . or Enter, or press ? or * to list all spells.
You conjure some foxfire!
The two-headed ogre is struck by your spines.
The two-headed ogre barely misses you.
The two-headed ogre hits you with a +0 giant club!
Casting: Foxfire (safe; 1% risk of failure)
Confirm with . or Enter, or press ? or * to list all spells.
Flames lash the two-headed ogre.
The two-headed ogre is burned terribly!
The two-headed ogre is severely wounded.
The foxfire hits the two-headed ogre but does no damage.
The two-headed ogre is severely wounded.
The foxfire hits the two-headed ogre.
The two-headed ogre is severely wounded.
The two-headed ogre is struck by your spines.
The two-headed ogre misses you.
The two-headed ogre hits you with a +0 giant club!!
* * * LOW HITPOINT WARNING * * *
Your blood congeals into armour.
Casting: Scorch (safe; 1% risk of failure)
Confirm with . or Enter, or press ? or * to list all spells.
You conjure some foxfire!
The two-headed ogre attacks as you move away!
The two-headed ogre is struck by your spines.
The two-headed ogre completely misses you.
The two-headed ogre hits you with a +0 giant club!
You die...

#.. #.#.######
##.##.#.#
#......#
####.#######
#.......#
#.#####.# #####
#.#####.##
......#.........
#.v@v...#.#.
##..O####
#......
##.......
##.###### #!#
#.# ..# #.# ##♣
♣♣♣ #.# #.# #..
..# #.#
#.♣♣♣♣♣♣♣ #.#


You could see a two-headed ogre (combustible, ally target).

Vanquished Creatures
  An ogre (D:4)
  2 elf zombies
  Blork the orc (D:4)
  A necrophage (D:3)
  A scorpion (D:4)
  3 elf skeletons (D:4)
  A hound (D:4)
  2 jellies (D:4)
  4 centaur zombies (Ossuary)
  A human zombie (D:4)
  2 orc wizards
  An ogre zombie (Ossuary)
  7 mummies (Ossuary)
  7 adders
  3 adder zombies (Ossuary)
  2 worms
  A dart slug (D:4)
  10 orcs
  10 ball pythons
  8 endoplasms
  A giant cockroach (D:3)
  7 goblins
  5 hobgoblins
  3 jackals (D:3)
  5 kobolds
  A quokka (D:2)
  8 bats
  7 frilled lizards
  5 goblin zombies (Ossuary)
  2 hobgoblin zombies (Ossuary)
  2 kobold zombies (Ossuary)
  2 orc zombies
  4 quokka zombies (Ossuary)
  19 rats
  7 rat zombies (Ossuary)
146 creatures vanquished.

Vanquished Creatures (others)
  388 foxfires
388 creatures vanquished.

Grand Total: 534 creatures vanquished

Notes
Turn   | Place    | Note
-------+----------+-------------------------------------------
     0 | D:1      | Crownlay the Demonspawn Fire Elementalist began the quest
                  | for the Orb.
     0 | D:1      | Reached XP level 1. HP: 13/13 MP: 3/3
   251 | D:1      | Reached skill level 3 in Fire Magic
   353 | D:1      | Gained mutation: A meltable shield of frost defends you.
                  | (SH +4) [demonic ancestry]
   353 | D:1      | Reached XP level 2. HP: 19/19 MP: 0/5
  1306 | D:2      | Reached XP level 3. HP: 24/24 MP: 0/6
  1468 | D:2      | Found a runed translucent door.
  1469 | D:2      | Noticed Crazy Yiuf
  1555 | D:2      | Reached skill level 4 in Fire Magic
  1797 | D:2      | Reached XP level 4. HP: 30/30 MP: 0/7
  2668 | D:3      | Reached skill level 5 in Fire Magic
  2756 | D:3      | Gained mutation: When seriously injured, your blood forms
                  | armour. (AC +6) [demonic ancestry]
  2756 | D:3      | Reached XP level 5. HP: 19/35 MP: 0/8
  3534 | D:3      | Learned a level 2 spell: Scorch
  3785 | D:4      | Reached skill level 6 in Fire Magic
  3846 | D:4      | Noticed an ogre
  3847 | D:4      | Reached XP level 6. HP: 41/41 MP: 5/9
  4045 | D:4      | Reached skill level 7 in Fire Magic
  4088 | D:4      | Gained mutation: You are partially covered in sharp spines.
                  | [demonic ancestry]
  4088 | D:4      | Reached XP level 7. HP: 32/46 MP: 1/10
  4107 | D:4      | Found a sand-covered staircase.
  4130 | Ossuary  | Entered an ossuary
  4317 | Ossuary  | Reached skill level 8 in Fire Magic
  4321 | Ossuary  | Learned a level 3 spell: Inner Flame
  4468 | Ossuary  | Reached skill level 1 in Hexes
  5386 | D:4      | Identified the +0 cloak of the Blessed Realm {rPois rC-
                  | Int+7 Dex-4}
  5483 | D:4      | Noticed Blork the orc
  5492 | D:4      | Reached XP level 8. HP: 52/52 MP: 3/11
  5500 | D:4      | Killed Blork the orc
  5769 | D:4      | Noticed a two-headed ogre
  5775 | D:4      | Slain by a two-headed ogre

Illustrated notes

Levels and vault maps discovered:
D:1:      kennysheep_arrival_seaside, layout_basic
D:2:      layout_rooms, minmay_rat_hole, uniq_crazy_yiuf_cottage
D:3:      layout_rooms, serial_curves, eino_curves_03, eino_curves_02,
          eino_curves_04, eino_curves_01
D:4:      layout_loops_corners, nzn_wu_jian_council_hall,
          nicolae_ossuary_entry_catacombs, serial_forest,
          infiniplex_forest_corner_1, infiniplex_forest_straight_3,
          infiniplex_forest_straight_3, infiniplex_forest_zigzag_2,
          infiniplex_forest_clump_curved, infiniplex_forest_lined_2,
          uniq_blork_the_orc

Skill      XL: |  1  2  3  4  5  6  7  8 |
---------------+-------------------------+-----
Fire Magic     | 3 4 5 6 7 8 |  8.0
Hexes          | 3 4 |  4.1
Conjurations   | 2 3 |  3.0
Dodging        | |  1.7
Stealth        | |  1.7
Spellcasting   | |  2.0

Action                   |  1- 3 |  4- 6 |  7- 9 || total
-------------------------+-------+-------+-------++-------
Melee: Dagger            |    26 |    75 |       ||   101
       Punch             |     1 |     2 |     2 ||     5
       Short sword       |       |    60 |   128 ||   188
 Cast: Foxfire           |    73 |   120 |    46 ||   239
       Scorch            |       |     3 |     9 ||    12
       Inner Flame       |       |       |     2 ||     2
  Use: Scroll            |       |     3 |       ||     3
 Stab: Sleeping          |       |     1 |     5 ||     6
Armor: Robe              |     2 |    21 |    29 ||    52
Dodge: Dodged            |    11 |    49 |    48 ||   108
Block: Other             |     4 |    21 |    21 ||    46

Table legend: (Time is in decaauts)
 A = Elapsed time spent in this place.
 B = Non-inter-level travel time spent in this place.
 C = Inter-level travel time spent in this place.
 D = Time resting spent in this place.
 E = Time spent auto-exploring this place.
 F = Levels seen in this place.
 G = Mean time per level.
                   A        B        C        D        E       F      G
               +--------+--------+--------+--------+--------+-----+--------+
         Total |   5774 |   5603 |    171 |    522 |   3596 |   5 | 1154.8 |
       Dungeon |   4608 |   4437 |    171 |      0 |   3565 |   4 | 1152.0 |
       Ossuary |   1165 |   1165 |      0 |    522 |     31 |   1 | 1165.0 |
               +--------+--------+--------+--------+--------+-----+--------+

Top non-repeatable levels by time:
     D:1: 1298 daAuts
     D:3: 1277 daAuts
     D:2: 1187 daAuts
 Ossuary: 1165 daAuts
     D:4: 845 daAuts
